AoeStats
← Flailer

QS Arena

503639396Analyzed
1v1 RM · 29d ago on Sep 1, 2026· 41m 19s· 2 players
Game mode
Random Map
Map size
Tiny (2 player)
Population
200
Speed
Normal
Resources
Standard
Victory
Conquest
Starting age
Dark Age
Ending age
Imperial Age
RankedLock teamsTeams togetherTeam positionsShared explorationLock speedFull tech treeHidden civsTurbo modeCheats
Victory
Defeat
🇹🇷 Goths · Türkiye
1287
+17
🇪🇸 Berbers · Spain
1311
-17
Flailer
9:12 Feudal Age
10:11 Double-Bit Axe
12:50 Castle Age
13:02 Horse Collar
13:39 Light Cavalry
14:31 Bow Saw
14:48 Husbandry
19:56 Wheelbarrow
19:45 Fervor
21:51 Hand Cart
25:02 Bloodlines
27:30 Imperial Age
25:17 Gold Mining
25:15 Loom
26:39 Stone Mining
27:03 Scale Barding Armor
27:09 Forging
28:41 Chain Barding Armor
28:20 Town Watch
28:37 Heavy Plow
29:47 Iron Casting
28:57 Hussar
30:43 Conscription
30:09 Heavy Scorpion
30:52 Fletching
31:02 Capped Ram
33:09 Blast Furnace
32:27 Bodkin Arrow
33:29 Ballistics
35:56 Two-Man Saw
35:24 Bracer
36:34 Chemistry
35:56 Padded Archer Armor
36:07 Heavy Cavalry Archer
37:22 Leather Archer Armor
37:51 Masonry
39:25 Ring Archer Armor
39:41 Scale Mail Armor
40:50 Architecture
41:07 Devotion
41:45 Guilds
41:37 Murder Holes
ThePlotChickens
8:30 Feudal Age
9:01 Horse Collar
9:09 Double-Bit Axe
14:47 Castle Age
15:46 Bow Saw
15:18 Light Cavalry
22:16 Wheelbarrow
24:26 Hand Cart
27:42 Imperial Age
25:54 Bloodlines
25:12 Pikeman
26:28 Treadmill Crane
26:57 Heavy Plow
27:27 Husbandry
29:35 Chemistry
29:10 Padded Archer Armor
29:34 Town Watch
29:34 Loom
30:08 Leather Archer Armor
29:31 Cavalier
29:42 Cavalier
32:22 Ring Archer Armor
32:08 Scale Barding Armor
32:14 Forging
35:04 Chain Barding Armor
35:20 Iron Casting
38:57 Heavy Scorpion
Connection lost

Rejoining the realm…

Still unreachable

The connection could not be restored.

Session expired

The server has moved on; the page needs a fresh start.